 Dungeon Crawl Stone Soup version 0.21-a0-578-gc6e9d75 (webtiles) character file.

116 Daviar the Poker (level 4, -9/37 HPs)
             Began as a Demigod Skald on Dec 18, 2017.
             Mangled by Sigmund
             ... wielding a +4 scythe of protection
              (12 damage)
             ... on level 3 of the Dungeon.
             The game lasted 00:07:50 (1978 turns).

Daviar the Poker (Demigod Skald)                    Turns: 1978, Time: 00:07:51

Health: -9/37      AC:  3    Str: 19    XL:     4   Next: 42%
Magic:  0/9        EV: 12    Int: 17    God:
Gold:   103        SH:  0    Dex: 17    Spells: 1/6 levels left

rFire    . . .     SeeInvis .   a - +0 spear
rCold    . . .     Gourm    .   (no shield)
rNeg     . . .     Faith    .   b - +0 leather armour
rPois    .         Spirit   .   (helmet restricted)
rElec    .         Reflect  .   (no cloak)
rCorr    .         Harm     .   (no gloves)
MR       +....                  (no boots)
Stlth    +.........             (no amulet)
HPRegen  0.12/turn              M - ring of protection from magic
MPRegen  0.11/turn              f - +5 ring of strength

@: infused
A: antennae 1, deterioration 1, high mp 1
a: no special abilities


You were on level 3 of the Dungeon.
You were not hungry.

You visited 1 branch of the dungeon, and saw 3 of its levels.

You collected 103 gold pieces.

Inventory:

Hand Weapons
 a - a +0 spear (weapon)
Armour
 b - a +0 leather armour (worn)
 i - a +2 helmet of see invisible
Jewellery
 f - a +5 ring of strength (right hand)
 M - a ring of protection from magic (left hand)
Scrolls
 e - 2 scrolls of fog {unknown}
 k - 4 scrolls of identify {unknown}
 l - a scroll of enchant armour {unknown}
Books
 c - a book of Battle

   Spells                             Type                      Level
   a - Infusion                       Charms                       1
   b - Shroud of Golubria             Charms/Translocation         2
   c - Song of Slaying                Charms                       2
   d - Spectral Weapon                Hexes/Charms                 3
   e - Regeneration                   Charms/Necromancy            3
Comestibles
 d - 5 rations


   Skills:
 + Level 2.9 Fighting
 * Level 3.8 Polearms
 - Level 0.8 Armour
 - Level 1.7 Dodging
 - Level 1.7 Spellcasting
 - Level 2.6 Charms


You had one spell level left.
You knew the following spells:

 Your Spells              Type           Power        Failure   Level  Hunger
a - Infusion              Chrm           ##..         8%          1    #......
b - Song of Slaying       Chrm           ##......     12%         2    ###....
c - Shroud of Golubria    Chrm/Tloc      #.........   21%         2    ###....


Dungeon Overview and Level Annotations

Branches:
Dungeon (3/15)

Annotations:
D:3 Sigmund


Innate Abilities, Weirdness & Mutations

You have an increased reservoir of magic. (+10% MP)
You have a pair of small antennae on your head.
Your body sometimes deteriorates upon taking damage.


Message History

Sigmund is severely wounded.
Sigmund hits you with a scythe of protection!
* * * LOW HITPOINT WARNING * * *
You closely miss Sigmund.
Sigmund is severely wounded.
Sigmund hits you with a scythe of protection.
* * * LOW HITPOINT WARNING * * *
It was a potion of mutation.
You feel extremely strange.
You feel yourself wasting away.
You feel stronger.
You feel weaker. A pair of antennae grows on your head!
Your +2 helmet of see invisible falls away!
You feel less perceptive.
Unknown command.
You hit Sigmund.
Sigmund is almost dead.
Sigmund gestures wildly while chanting.
Sigmund flickers and vanishes!
Deactivating autopickup; reactivate with Ctrl-A.
You hit something but do no damage. Something hits you!
You die...

... ####.# #..... #.##.#
#.##.# #. ##.##.# #.#
...##.# #.# #
##.##.######.######..#.#
...........#.#..@{.....#
##.##.####.#.#.####..###
##.##.####.#.#.# #
##.##..........#
##...........###
##########.#.# # #.#.# #
#.#.. ##########.####


There were no monsters in sight!

Vanquished Creatures
  3 adders
  2 oozes (D:1)
  A worm (D:2)
  2 dart slugs
  3 leopard geckos (D:2)
  5 orcs (D:3)
  8 bats
  A giant cockroach (D:1)
  7 goblins
  8 hobgoblins
  7 jackals
  A quokka (D:2)
  2 ball pythons (D:1)
  2 frilled lizards
  5 kobolds
  6 rats
63 creatures vanquished.

Notes
Turn   | Place    | Note
-------+----------+-------------------------------------------
     0 | D:1      | Daviar the Demigod Skald began the quest for the Orb.
     0 | D:1      | Reached XP level 1. HP: 17/17 MP: 5/5
    22 | D:1      | Reached skill level 2 in Polearms
   267 | D:1      | Reached XP level 2. HP: 21/24 MP: 7/7
   447 | D:1      | Learned a level 2 spell: Song of Slaying
   897 | D:1      | Reached XP level 3. HP: 29/30 MP: 5/8
   936 | D:1      | Reached skill level 3 in Polearms
  1256 | D:1      | Learned a level 2 spell: Shroud of Golubria
  1262 | D:2      | Found a bloodstained altar of Trog.
  1505 | D:2      | Reached XP level 4. HP: 37/37 MP: 3/9
  1894 | D:3      | Noticed Sigmund
  1976 | D:3      | Gained mutation: Your body sometimes deteriorates upon taking damage. [potion of mutation]
  1976 | D:3      | Gained mutation: Your muscles are strong. (Str +2) [potion of mutation]
  1976 | D:3      | Lost mutation: Your muscles are strong. (Str +2) [potion of mutation]
  1976 | D:3      | Gained mutation: You have a pair of small antennae on your head. [potion of mutation]
  1978 | D:3      | Mangled by Sigmund

Vault maps used:
D:1:      erik_arrival_gehennom
D:2:      bloody_trog, kennysheep_generic_room_16
D:3:      grunt_temple_overflow_growth_and_decay, uniq_grinder, uniq_sigmund

Skill      XL: |  1  2  3 |
---------------+----------+-----
Polearms       | 2 3 |  3.8
Fighting       | 2 |  2.9
Armour         | |  0.8
Dodging        | |  1.7
Spellcasting   | |  1.7
Charms         | |  2.6

Action                   |  1- 3 |  4- 6 || total
-------------------------+-------+-------++-------
Melee: Spear             |   144 |   103 ||   247
 Cast: Infusion          |    13 |     4 ||    17
       Song of Slaying   |     1 |     1 ||     2
       Shroud of Golubri |     1 |     3 ||     4
  Use: Scroll            |     2 |       ||     2
       Potion            |       |     2 ||     2
 Stab: Sleeping          |     2 |     1 ||     3
  Eat: Chunk             |     2 |     2 ||     4
Armor: Leather armour    |    23 |    12 ||    35
Dodge: Dodged            |    74 |    45 ||   119

Table legend:
 A = Spawn XP
 B = Non-spawn XP
 C = Spawn XP percentage of total XP
 D = Spawn monster count
 E = Non-spawn monster count
 F = Spawn count percentage of total count
 G = Total turns spent on level
                    A         B        C        D         E        F      G
               +---------+---------+-------+---------+---------+-------+---------
         Total |       0 |     166 |   0.0 |       0 |      63 |   0.0 |  1978
               +---------+---------+-------+---------+---------+-------+---------
           D:1 |       0 |      69 |   0.0 |       0 |      35 |   0.0 |  1257
           D:2 |       0 |      67 |   0.0 |       0 |      21 |   0.0 |   605
           D:3 |       0 |      30 |   0.0 |       0 |       7 |   0.0 |   116
               +---------+---------+-------+---------+---------+-------+---------
